 Dungeon Crawl Stone Soup version 0.23.0-2-g0fe3ce5 (console) character file.

Game seed: 5722705344233852913

461 bli the Carver (level 6, -3/53 HPs)
             Began as a Minotaur Monk on Feb 19, 2019.
             Was an Initiate of Wu Jian.
             Slain by Edmund
             ... wielding a +2 dire flail of protection
              (12 damage)
             ... on level 4 of the Dungeon.
             The game lasted 00:10:49 (2936 turns).

bli the Carver (Minotaur Monk)                      Turns: 2936, Time: 00:10:51

Health: -3/53      AC:  3    Str: 16    XL:     6   Next: 79%
Magic:  5/5        EV: 14    Int:  7    God:    Wu Jian [......]
Gold:   46         SH:  0    Dex: 14    Spells: 5/5 levels left

rFire    . . .     SeeInvis .   a - +0 falchion
rCold    . . .     Gourm    .   (no shield)
rNeg     . . .     Faith    .   s - +0 leather armour
rPois    .         Spirit   .   (helmet restricted)
rElec    .         Reflect  .   (no cloak)
rCorr    .         Harm     .   (no gloves)
MR       .....                  (no boots)
Stlth    ++........             (no amulet)
HPRegen  0.17/turn              (no ring)
MPRegen  0.09/turn              (no ring)

@: no status effects
A: retaliatory headbutt, horns 2
a: Renounce Religion


You were on level 4 of the Dungeon.
You worshipped Wu Jian.
Wu Jian was noncommittal.
You were hungry.

You visited 1 branch of the dungeon, and saw 4 of its levels.

You collected 111 gold pieces.
You spent 65 gold pieces at shops.

Inventory:

Hand Weapons
 a - a +0 falchion (weapon)
 b - a +1 hunting sling of flaming
 c - a +2 dagger of venom
 g - a +0 dagger
 n - a +0 hunting sling
Missiles
 j - 42 sling bullets
 l - 55 stones (quivered)
 p - 4 curare-tipped needles
Armour
 h - a +0 scale mail
 m - a +0 ring mail
 o - a +0 robe
 s - a +0 leather armour (worn)
Scrolls
 f - 3 scrolls of identify {unknown}
 i - a scroll of amnesia {unknown}
 k - 3 scrolls of teleportation {unknown}
 q - 3 scrolls of remove curse {unknown}
 y - a scroll of fog {unknown}
 z - a scroll of enchant armour {unknown}
Potions
 d - a potion of degeneration {unknown}
 e - 2 potions of agility {unknown}
 r - a potion of lignification {unknown}
 t - a potion of curing {unknown}
 x - a potion of might {unknown}
Comestibles
 v - 12 rations


   Skills:
 + Level 4.4 Fighting
 * Level 8.2 Long Blades
 + Level 1.2 Armour
 + Level 4.2 Dodging
 + Level 1.9 Stealth


You had 5 spell levels left.
You didn't know any spells.
Your spell library was empty.

Dungeon Overview and Level Annotations

Branches:
Dungeon (4/15)             Temple (0/1) D:4

Altars:
Ashenzari
Cheibriados
Sif Muna
Wu Jian
Xom

Shops:
D:4 [*!

Annotations:
D:4 Edmund


Innate Abilities, Weirdness & Mutations

You reflexively headbutt those who attack you in melee.
You have a pair of horns on your head.


Message History

* * * LOW HITPOINT WARNING * * *
You hit Edmund.
Edmund is moderately wounded.
You hit Edmund. Your headbutt misses Edmund.
Edmund is moderately wounded.
Edmund hits you with a +2 dire flail of protection!
* * * LOW HITPOINT WARNING * * *
You feel much better.
Edmund hits you with a +2 dire flail of protection.
* * * LOW HITPOINT WARNING * * *
You hit Edmund but do no damage.
Edmund is moderately wounded.
Edmund misses you. You furiously retaliate!
You headbutt Edmund, but do no damage. You hit Edmund but do no damage.
Edmund is moderately wounded.
Edmund misses you. You furiously retaliate!
You headbutt Edmund, but do no damage. You hit Edmund but do no damage.
Your headbutt misses Edmund.
Edmund is moderately wounded.
Edmund hits you with a +2 dire flail of protection!
You die...

## .## #.# ## #
###.### #.# #.
###.....#####.#
#..###.............#
#..........###...##
#..@@.....## ###.##
#.........## #..###
#..........# #...##
#....##....## #.....
..... ##...# #......
.... ..... #...###
... ......[ #...##
... ......... .....#
#....# ##... ...


You could see Edmund.

Vanquished Creatures
  A phantom (D:4)
  2 howler monkeys (D:4)
  2 hounds
  An orc wizard (D:4)
  A worker ant (D:4)
  A hound skeleton (D:4)
  2 gnolls
  6 adders
  2 worms (D:2)
  4 dart slugs
  3 leopard geckos
  6 orcs
  2 ball pythons
  5 bats
  6 giant cockroaches
  7 goblins
  9 hobgoblins
  7 jackals
  7 kobolds
  A quokka (D:2)
  8 frilled lizards
  A jackal skeleton (D:4)
  8 rats
92 creatures vanquished.

Notes
Turn   | Place    | Note
-------+----------+-------------------------------------------
     0 | D:1      | bli the Minotaur Monk began the quest for the Orb.
     0 | D:1      | Reached XP level 1. HP: 19/19 MP: 0/0
    31 | D:1      | Reached skill level 4 in Long Blades
    57 | D:1      | Reached XP level 2. HP: 22/27 MP: 1/1
   275 | D:1      | Reached XP level 3. HP: 22/33 MP: 2/2
   909 | D:2      | Found a faded altar of an unknown god.
   910 | D:2      | Reached skill level 5 in Long Blades
   929 | D:2      | Became a worshipper of Sif Muna the Loreminder
   929 | D:2      | Reached * piety under Sif Muna
   929 | D:2      | Reached ** piety under Sif Muna
   973 | D:2      | Reached XP level 4. HP: 34/40 MP: 3/3
  1208 | D:2      | Reached skill level 6 in Long Blades
  1217 | D:2      | Reached *** piety under Sif Muna
  1491 | D:2      | Reached XP level 5. HP: 42/46 MP: 4/4
  1581 | D:2      | Found a shimmering altar of Xom.
  1581 | D:2      | Found a snail-covered altar of Cheibriados.
  2104 | D:3      | Found an ornate altar of the Wu Jian Council.
  2118 | D:3      | Fell from the grace of Sif Muna
  2118 | D:3      | Became a worshipper of the Wu Jian Council
  2211 | D:4      | Reached skill level 7 in Long Blades
  2225 | D:4      | Found Coenlim's Distillery.
  2242 | D:4      | Bought a potion of heal wounds for 65 gold pieces
  2493 | D:4      | Found a shattered altar of Ashenzari.
  2503 | D:4      | Found Suariu Rice's Assorted Antiques.
  2532 | D:4      | Found Los Hufi's Armour Boutique.
  2581 | D:4      | Reached XP level 6. HP: 44/52 MP: 5/5
  2644 | D:4      | Reached skill level 1 in Armour
  2825 | D:4      | Found a staircase to the Ecumenical Temple.
  2920 | D:4      | Noticed Edmund
  2922 | D:4      | Reached skill level 8 in Long Blades
  2932 | D:4      | HP: 2/53 [Edmund/+2 dire flail of protection (7)]
  2936 | D:4      | Slain by Edmund

Skill      XL: |  1  2  3  4  5  6 |
---------------+-------------------+-----
Long Blades    | 4 5 6 7 8 |  8.2
Fighting       | 4 |  4.4
Dodging        | 4 |  4.2
Armour         | 1 |  1.2
Stealth        | |  1.9

Action                   |  1- 3 |  4- 6 || total
-------------------------+-------+-------++-------
Melee: Falchion          |    68 |   162 ||   230
       Headbutt          |    14 |    37 ||    51
Invok: Lunge             |       |     9 ||     9
  Use: Potion            |       |     1 ||     1
 Stab: Sleeping          |     3 |     3 ||     6
  Eat: Chunk             |       |     6 ||     6
Armor: Robe              |    12 |     7 ||    19
       Leather armour    |       |    13 ||    13
Dodge: Dodged            |    42 |   103 ||   145
       Rpst.: Falchion   |     7 |    42 ||    49
